Description

efaefaefaef

Build Order

Get SALT Encoding   

  13  0:13  Overlord  
  16  0:49  Hatchery  
  18  1:09  Extractor  
  17  1:16  Spawning Pool  
  21  2:02  Queen x2  
  25  2:03  Zergling  
  26  2:04  Zergling  
  27  2:17  Hatchery  
  26  2:22  Overlord  
  28  2:44  Queen  main
  30  2:47  Metabolic Boost  
  33  2:54  Overlord  
  36  3:15  Overlord  
  43  3:28  Overlord  3rd base
  44  3:32  Roach Warren  
  55  4:00  Extractor  
  54  4:12  Zergling x3  
  57  4:17  Lair  
  58  4:24  Spore Crawler x3  
  70  4:50  Overlord x3  
  70  5:00  Hatchery  
  70  5:01  Roach x5  
  79  5:10  Evolution Chamber x2  
  82  5:17  Overseer  
  93  5:48  Overlord  
  92  5:50  Extractor x2, Zerg Ground Armor Level 1  
  92  5:52  Zerg Melee Weapons Level 1  
  90  6:02  Extractor x2  
  89  6:07  Baneling Nest  
  88  6:14  Hatchery x2  macrohatch
  135  7:00  Centrifical Hooks  
Spawning Tool Build Advisor. Get it on Overwolf

Go to:

Details

  • Created by: YarMirиonoйцуйvbuфыаrnin
  • Published on: Mar 09, 2025
  • Modified on: Mar 09, 2025
  • Patch: 5.0.11
  • Difficulty: Medium
Show
View Real Time Build Order
Export as new Build Order

Comments (0)

There are no comments. Be the first!

Create an account to comment!